 Dungeon Crawl Stone Soup version 0.31.0-9-g3a7656b989 (webtiles) character file.

Game seed: 11000203589358628910

464 qw the Shooter (level 6, -8/32 HPs)
             Began as a Spriggan Hunter on Feb 2, 2024.
             Mangled by an ogre
             ... wielding a +0 giant spiked club
              (19 damage)
             ... on level 4 of the Dungeon.
             The game lasted 00:00:13 (3241 turns).

qw the Shooter (Spriggan Hunter)                    Turns: 3241, Time: 00:00:13

Health: -8/32      AC:  2    Str:  7    XL:     6   Next: 80%
Magic:  7/7        EV: 21    Int: 11    God:
Gold:   130        SH:  0    Dex: 20    Spells: 5/5 levels left

rFire   . . .        l - +0 orcbow
rCold   . . .        (shield currently unavailable)
rNeg    . . .        c - +0 robe
rPois   .            (helmet restricted)
rElec   .            (no cloak)
rCorr   .            (gloves unavailable)
SInv    +            (boots unavailable)
Will    +....        (no amulet)
Stlth   ++           (no ring)
HPRegen 0.25/turn    (no ring)
MPRegen 0.10/turn

%: no passive effects
@: very quick
A: very small, no large weapons, unfitting armour, see invisible, speed 3
a: no special abilities


You were on level 4 of the Dungeon.
You visited 1 branch of the dungeon, and saw 4 of its levels.

You collected 169 gold pieces.
You spent 39 gold pieces at shops.


Innate Abilities, Weirdness & Mutations

You are very small and have problems with some larger weapons.
You are too small for most types of armour.
You have supernaturally acute eyesight. (SInv)
You cover ground extremely quickly. (Speed+++)


   Skills:
 - Level 2.5 Fighting
 + Level 6.6 Ranged Weapons
 - Level 6.1 Dodging
 - Level 1.5 Stealth


You had 5 spell levels left.
You didn't know any spells.
Your spell library was empty.

Inventory:

Hand Weapons
 l - a +0 orcbow (weapon)
Armour
 c - a +0 robe (worn)
Wands
 d - a wand of mindburst (16)
Scrolls
 b - 3 scrolls of enchant armour
 j - a scroll of teleportation
Potions
 a - a potion of magic {unknown}
 e - 3 potions of haste
 i - 2 potions of curing

Dungeon Overview and Level Annotations

Branches:
Dungeon (4/15)
 Temple: D:4-7

Altars:
Ashenzari

Shops:
D:1 :!!?   D:3 :

Annotations:
D:3 3 runed translucent doors, qw's ghost, weakling DEHu


Message History

The adder hisses angrily.
The adder is lightly wounded.
You shoot an arrow. The arrow closely misses the adder.
You shoot an arrow. The arrow closely misses the adder.
You shoot an arrow. The arrow hits the adder!
You kill the adder!
There is a stone staircase leading down here.
Found a broken altar of Ashenzari.
There is a stone staircase leading down here.
An endoplasm comes into view.
Enter note:
Enter note: You shoot an arrow.
The arrow hits the endoplasm.
The endoplasm quivers.
The endoplasm is moderately wounded.
You shoot an arrow. The arrow hits the endoplasm!
You kill the endoplasm!
A ball python comes into view.
You shoot an arrow. The arrow hits the ball python.
The ball python is moderately wounded.
You shoot an arrow.
The arrow closely misses the ball python.
You shoot an arrow.
The arrow closely misses the ball python.
You shoot an arrow. The arrow hits the ball python.
You kill the ball python!
An ogre comes into view. It is wielding a +0 giant spiked club.
The ogre shouts!
You hear a shout!
You shoot an arrow. The arrow closely misses the ogre.
You shoot an arrow.
The arrow hits the ogre but does no damage.
A hobgoblin comes into view.
You shoot an arrow. The arrow barely misses the ogre.
The ogre hits you with a +0 giant spiked club!!
Ouch! That really hurt!
You shoot an arrow.
The arrow hits the ogre but does no damage.
The ogre hits you with a +0 giant spiked club!!
Ouch! That really hurt!
You die...

#.......#.# #.# #..
#.##....#.# #.# .. ##.
#.#####.#.# #.# .# ..
.....##.#.# #.# g#
.....##.#.# #.# .#
.....##.#.# #.# .#
.....##.#.# #.# .#
####### #.#####.#.#
#.##O# #.)...#
#.#####.#.# #..@.#
#.#.... #.........#
#.......... #.#.#.#
#.........#.......##....
#.#.#.#
#.........#..#.##.# ...
#.#.#..
#.#####.#.##.#.##.# #
#.#.### #.# #.#..#
#.##.# #.#.### ..#
#.##.# #.##.# #.#....
#######.##.# #.##.###
#.#.... #........# #...#
#.#.###


You could see an ogre and a hobgoblin.

Vanquished Creatures
  Sigmund (D:2)
  2 scorpions
  Natasha (thrice) (D:3)
  5 adders
  A ribbon worm (D:3)
  2 dart slugs (D:1)
  3 orcs (D:3)
  5 ball pythons
  9 endoplasms
  2 giant cockroaches
  7 goblins
  4 hobgoblins
  2 jackals (D:2)
  3 quokkas
  3 bats (D:3)
  3 frilled lizards
  4 kobolds
  4 rats
63 creatures vanquished.

Notes
Turn   | Place    | Note
-------+----------+-------------------------------------------
     0 | D:1      | qw the Spriggan Hunter began the quest for the Orb.
     0 | D:1      | Reached XP level 1. HP: 10/10 MP: 2/2
     0 | D:1      | 0 ||| qw: Version: 0.3-a-155-g5e7d8dd
     0 | D:1      | 0 ||| qw: Game counter: 1894
     0 | D:1      | 0 ||| qw: Melee chars always use a shield: true
     0 | D:1      | 0 ||| qw: God list: Okawaru
     0 | D:1      | 0 ||| qw: Allow faded altars: false
     0 | D:1      | 0 ||| qw: Do Orc after clearing Dungeon:15 true
     0 | D:1      | 0 ||| qw: Do second Lair branch before Depths: true
     0 | D:1      | 0 ||| qw: Lair rune preference: random
     0 | D:1      | 0 ||| qw: Goals: Normal
     0 | D:1      | 0 ||| PLANNING D:1-11
    38 | D:1      | Reached skill level 3 in Dodging
    53 | D:1      | Reached XP level 2. HP: 14/14 MP: 3/3
   253 | D:1      | Found Qusucwau's Magic Scroll Shop.
   258 | D:1      | 258 ||| SHOPLISTING scroll of enchant armour (90 gold, have
                  | 16).
   258 | D:1      | 258 ||| SHOPLISTING scroll of enchant weapon (90 gold, have
                  | 16).
   258 | D:1      | 258 ||| SHOPLISTING scroll of identify (24 gold, have 16).
   258 | D:1      | 258 ||| SHOPLISTING scroll of teleportation (36 gold, have
                  | 16).
   379 | D:1      | Found Alametho's Distillery.
   387 | D:1      | 387 ||| BUYING potion of curing (39 gold).
   387 | D:1      | Bought a potion of curing for 39 gold pieces
   387 | D:1      | 387 ||| SHOPLISTING potion of might (52 gold, have 10).
   387 | D:1      | 387 ||| SHOPLISTING potion of resistance (130 gold, have
                  | 10).
   430 | D:1      | Found Pourphunn's Distillery.
   439 | D:1      | 439 ||| SHOPLISTING 2 potions of heal wounds (100 gold,
                  | have 10).
   439 | D:1      | 439 ||| SHOPLISTING potion of curing (30 gold, have 10).
   439 | D:1      | 439 ||| SHOPLISTING potion of heal wounds (50 gold, have
                  | 10).
   439 | D:1      | 439 ||| SHOPLISTING potion of might (40 gold, have 10).
   439 | D:1      | 439 ||| SHOPLISTING potion of mutation (80 gold, have 10).
   503 | D:1      | Found Punuavit's Book Shoppe.
   575 | D:1      | 575 ||| READING scroll labelled JIPYRPHESYO.
   575 | D:1      | 575 ||| IDENTIFYING 2 metallic grey potions
   576 | D:1      | 576 ||| READING scroll labelled ANGUH YWAGIWK.
   581 | D:1      | 581 ||| READING scroll labelled QAQA RYNIYXEON.
   605 | D:1      | 605 ||| READING scroll labelled ZENLECEOLY.
   605 | D:1      | 605 ||| ENCHANTING +0 shortbow.
   606 | D:1      | 606 ||| READING 2 scrolls labelled YPUTOSSUCS.
   607 | D:1      | 607 ||| READING scroll labelled ORUAT JYWN.
   608 | D:1      | 608 ||| DROPPING scroll of butterflies.
   609 | D:1      | 609 ||| DROPPING scroll of revelation.
   688 | D:2      | Reached XP level 3. HP: 14/18 MP: 4/4
  1031 | D:2      | Noticed Sigmund
  1032 | D:2      | 1032 ||| DRINKING 4 potions of haste.
  1041 | D:2      | Killed Sigmund
  1042 | D:2      | Reached skill level 6 in Ranged Weapons
  1042 | D:2      | Reached XP level 4. HP: 11/22 MP: 5/5
  1042 | D:2      | Reached XP level 5. HP: 12/25 MP: 6/6
  1068 | D:2      | 1068 ||| FLEEEEING.
  1069 | D:2      | 1069 ||| FLEEEEING.
  1545 | D:2      | 1545 ||| READING scroll labelled REVUMOWNIU.
  1754 | D:3      | HP: 4/25 [orc/+0 flail (4)]
  1848 | D:3      | Found a runed translucent gate.
  1849 | D:3      | Found a runed translucent gate.
  1851 | D:3      | Found a runed translucent gate.
  1851 | D:3      | Noticed qw's ghost (weakling DEHu)
  2081 | D:3      | Noticed Natasha
  2082 | D:3      | 2082 ||| SWAPPING to +0 orcbow.
  2087 | D:3      | Killed Natasha
  2088 | D:3      | Reached XP level 6. HP: 30/30 MP: 7/7
  2088 | D:3      | 2088 ||| DROPPING +0 shortbow.
  2107 | D:3      | Noticed Natasha
  2112 | D:3      | Killed Natasha
  2290 | D:3      | Found Bujaweish's Vocational Training.
  2405 | D:3      | Noticed Natasha
  2413 | D:3      | Killed Natasha
  2455 | D:3      | 2455 ||| DROPPING +6 ring of intelligence.
  2456 | D:3      | 2456 ||| READING scroll of identify.
  2456 | D:3      | 2456 ||| IDENTIFYING murky silvery potion
  2457 | D:3      | 2457 ||| READING scroll labelled COIRAOXTAE.
  2458 | D:3      | 2458 ||| DROPPING potion of attraction.
  2460 | D:3      | 2460 ||| Stepping ~*~*~tactically~*~*~ (cloud).
  2469 | D:3      | HP: 8/32 [poisoned by you (poison gas)]
  2811 | D:4      | Reached skill level 6 in Dodging
  3095 | D:4      | Found a broken altar of Ashenzari.
  3241 | D:4      | Mangled by an ogre

Levels and vault maps discovered:
D:1:      eino_arrival_cavern_b, layout_basic, serial_shops, shop, shop, shop,
          nicolae_book_shop_shelving, minmay_three_crescents
D:2:      layout_loops_corners, uniq_sigmund
D:3:      layout_basic, biasface_ghost_orc_armoury, nicolae_shop_vocational,
          uniq_natasha
D:4:      layout_basic, grunt_ashenzari_visionary
          [grunt_ashenzari_visionary_swamp, grunt_ashenzari_visionary_snake]

Skill      XL: |  1  2  3  4  5  6 |
---------------+-------------------+-----
Dodging        | 3 4 5 6 |  6.1
Ranged Weapons | 6 |  6.6
Fighting       | 2 |  2.5
Stealth        | |  1.5

Action                     |  1- 3 |  4- 6 || total
---------------------------+-------+-------++-------
   Fire: Shortbow          |    92 |    69 ||   161
         Orcbow            |       |    57 ||    57
    Use: Scroll            |     6 |     3 ||     9
         Potion            |     1 |       ||     1
 Armour: Robe              |     9 |    10 ||    19
  Dodge: Dodged            |    21 |    30 ||    51

Table legend:
 A = Non-vault XP
 B = Vault XP
 C = Vault XP percentage of total XP
 D = Non-vault monster count
 E = Vault monster count
 F = Vault count percentage of total count
                 A         B        C        D         E       F
            +---------+---------+-------+---------+---------+-------
      Total |     384 |     280 |  42.2 |      55 |       8 |  12.7
            +---------+---------+-------+---------+---------+-------
        D:1 |      22 |      12 |  35.3 |      12 |       6 |  33.3
        D:2 |      78 |     231 |  74.8 |      19 |       1 |   5.0
        D:3 |     182 |      37 |  16.9 |      17 |       1 |   5.6
        D:4 |     102 |       0 |   0.0 |       7 |       0 |   0.0
            +---------+---------+-------+---------+---------+-------
